[Event "8th RTU Open 2018"]
[Site "Riga"]
[Date "2018.08.09"]
[Round "5"]
[White "Quillan, Gary"]
[Black "Leenhouts, Koen"]
[Result "1-0"]
[ECO "B51"]
[WhiteElo "2349"]
[BlackElo "2475"]
[Annotator "ChessBase"]
[PlyCount "91"]
[EventDate "2018.08.06"]
[EventType "swiss"]
[EventCountry "LAT"]
[SourceTitle "playchess.com"]
[Source "ChessBase"]
[SourceQuality "1"]
[TimeControl "5400+30"]

1. e4 c5 2. Nf3 d6 3. Bb5+ Nd7 4. d4 cxd4 5. Qxd4 a6 6. Bxd7+ Qxd7 7. Nc3 e5 8. Qd3 Qc6 9. Bg5 Be6 10. Nd2 f6 11. Be3 Ne7 12. f4 exf4 13. Bxf4 Ng6 14. Bg3 Ne5 15. Qe2 Rc8 16. Nb3 Bg4 17. Qf2 Qc4 18. h3 Bh5 19. Bf4 b5 20. Nd4 d5 21. Bxe5 Bb4 22. Nf5 O-O 23. Bd4 Rfe8 24. Ng3 Ba5 25. Qd2 b4 26. Nxd5 Qxd5 27. O-O Rxc2 28. Qe3 Bc7 29. exd5 Rxe3 30. Bxe3 Bxg3 31. Bf4 Bxf4 32. Rxf4 Rxb2 33. Rf2 Rxf2 34. Kxf2 Bf7 35. d6 Kf8 36. Rc1 Be6 37. Rc7 a5 38. Ra7 a4 39. Rxa4 Ke8 40. Ra7 Kd8 41. Ke3 Bd5 42. g3 g5 43. Kd4 Be6 44. h4 h5 45. Kc5 b3 46. axb3 1-0

[Event "8th RTU Open 2018"]
[Site "Riga"]
[Date "2018.08.09"]
[Round "5"]
[White "Sergienko, Sergey"]
[Black "Garriga Cazorla, Pere"]
[Result "1/2-1/2"]
[ECO "B31"]
[WhiteElo "2327"]
[BlackElo "2444"]
[Annotator "NA"]
[PlyCount "140"]
[EventDate "2018.08.06"]
[EventType "swiss"]
[EventCountry "LAT"]
[SourceTitle "playchess.com"]
[Source "ChessBase"]
[SourceQuality "1"]
[TimeControl "5400+30"]

1. Nf3 c5 2. e4 Nc6 3. Bb5 g6 4. Bxc6 bxc6 5. O-O Bg7 6. Re1 Nh6 7. c3 O-O 8. d4 cxd4 9. cxd4 d5 10. e5 f6 11. h3 fxe5 12. Nxe5 Qb6 13. Bxh6 Bxh6 14. b3 Rf4 {[%emt 0:23:50] LiveBook: 3 Games} 15. Nf3 Bf5 16. Nbd2 Rf8 $14 17. Rxe7 Bg7 18. Qe2 Bxd4 19. Rc1 Bf6 20. Re8 Qc7 21. Re1 Bd7 22. Rxf8+ Kxf8 23. g3 Rb4 24. Qe3 Kg8 25. h4 Rb8 26. Ng5 Bf5 27. Ndf3 c5 28. Ne6 Qc6 29. Qxc5 Qxc5 30. Nxc5 Rc8 31. Ne6 Rc3 32. Nfd4 Be4 33. f3 Bd3 34. Kf2 Ba6 35. Rd1 Bb7 36. Rd2 Kf7 37. Nf4 Rc8 38. Nfe2 Be7 39. Rc2 Bc5 40. Ke1 Ke7 41. Kd1 Kd7 42. b4 Bd6 43. Rxc8 Bxc8 44. a3 a5 45. bxa5 Bxa3 46. Kc2 Bb4 47. Nb3 Ba6 48. Nf4 Bc4 49. Nd3 Bxb3+ 50. Kxb3 Bxa5 51. g4 Ke6 52. Kc2 Bd8 53. h5 gxh5 54. gxh5 Bg5 55. Kd1 Kf5 56. Ke2 Bf6 57. Nb4 Ke6 58. Nd3 Bc3 59. Nf4+ Ke5 60. Nd3+ Kf5 61. Nc5 Bd4 62. Nd3 Bc3 63. Nc5 Bb4 64. Nd3 Ba5 65. Ke3 Bb6+ 66. Ke2 Kg5 67. Nb4 d4 68. Nc2 Kxh5 69. Nxd4 Bxd4 70. Kf1 Kg5 1/2-1/2

[Event "8th RTU Open 2018"]
[Site "Riga"]
[Date "2018.08.09"]
[Round "5"]
[White "Meessen, Rudolf"]
[Black "Berzinsh, Roland"]
[Result "0-1"]
[ECO "B27"]
[WhiteElo "2281"]
[BlackElo "2408"]
[Annotator "NA"]
[PlyCount "58"]
[EventDate "2018.08.06"]
[EventType "swiss"]
[EventCountry "LAT"]
[SourceTitle "playchess.com"]
[Source "ChessBase"]
[SourceQuality "1"]
[TimeControl "5400+30"]

1. Nf3 c5 2. e4 b6 3. d4 cxd4 4. Nxd4 Bb7 5. Nc3 a6 6. Bd3 g6 7. Be3 Bg7 8. Nd5 e6 9. Nxe6 (9. Nc3 $11) 9... dxe6 10. Bxb6 Qd6 11. Nc7+ {[%emt 0:00:32] [#]} Ke7 $1 12. Nxa8 Bxa8 13. Be3 Bxb2 14. Rb1 Bc3+ 15. Ke2 Nf6 16. f3 Nbd7 17. Qg1 Rc8 $17 18. Qf2 Qa3 19. Rb3 Qxa2 20. Rd1 Qa5 21. Kf1 Nc5 22. Rxc3 Qxc3 23. Bd4 Nxd3 24. cxd3 Qc2 25. Qe1 a5 26. Rd2 Qc7 27. e5 Nd5 28. Qh4+ Kd7 29. Qxh7 Qc1+ {[%emt 0:00:16] Ke1} 0-1

[Event "8th RTU Open 2018"]
[Site "Riga"]
[Date "2018.08.09"]
[Round "5"]
[White "Kuznecovs, Nikita"]
[Black "Bernotas, Arturs"]
[Result "0-1"]
[ECO "A46"]
[WhiteElo "2280"]
[BlackElo "2406"]
[Annotator "NA"]
[PlyCount "110"]
[EventDate "2018.08.06"]
[EventType "swiss"]
[EventCountry "LAT"]
[SourceTitle "playchess.com"]
[Source "ChessBase"]
[SourceQuality "1"]
[TimeControl "5400+30"]

1. d4 Nf6 2. Nf3 e6 3. Nbd2 c5 4. e3 b6 5. Bd3 Bb7 6. O-O Be7 7. b3 O-O 8. Bb2 d6 9. Qe2 a6 {[%emt 0:03:06] LiveBook: 4 Games} 10. Ng5 h6 11. f4 hxg5 12. fxg5 Nh7 ({Better is} 12... Ne8 $11 13. Qh5 g6) 13. g6 $15 (13. d5 $11 Bxg5 14. dxe6 fxe6 15. Qh5) 13... fxg6 14. Qg4 Rf5 15. e4 Rxf1+ 16. Rxf1 Nf8 17. Rxf8+ Qxf8 18. e5 dxe5 19. dxe5 c4 20. Bxg6 Bc5+ 21. Kh1 Be3 22. Qxe6+ Kh8 23. Ba3 Qc8 24. Qd6 Bxg2+ 25. Kxg2 Qg4+ 26. Kf1 Qd1+ 27. Kg2 Qxd2+ 28. Qxd2 Bxd2 29. e6 Nc6 30. e7 Nxe7 31. Bxe7 Rc8 32. h4 b5 33. h5 cxb3 34. cxb3 Rc1 35. a4 bxa4 36. bxa4 Ra1 37. Kf3 Rxa4 38. Ke2 Bb4 39. Bg5 a5 40. Kd3 Ra3+ 41. Kc2 Rg3 42. Bf4 Rf3 43. Be5 Rh3 44. Kb2 a4 45. Ka2 Re3 46. Bd4 Re2+ 47. Ka1 Bd2 48. Bb2 Bg5 49. Kb1 Bf6 50. Ba3 Re3 51. Bc1 Rb3+ 52. Ka2 Rc3 53. Bd2 Rh3 54. Bc1 Rh1 55. Bh6 Ra1# 0-1

[Event "8th RTU Open 2018"]
[Site "Riga"]
[Date "2018.08.09"]
[Round "5"]
[White "Tanriverdi, Enes"]
[Black "Gokerkan, Cem Kaan"]
[Result "1/2-1/2"]
[ECO "D37"]
[WhiteElo "2276"]
[BlackElo "2404"]
[Annotator "NA"]
[PlyCount "101"]
[EventDate "2018.08.06"]
[EventType "swiss"]
[EventCountry "LAT"]
[SourceTitle "playchess.com"]
[Source "ChessBase"]
[SourceQuality "1"]
[TimeControl "5400+30"]

1. d4 Nf6 2. c4 e6 3. Nf3 d5 4. Nc3 a6 5. cxd5 exd5 6. Bg5 Be6 7. e3 Nbd7 8. Bd3 Bd6 9. Bf4 Qe7 10. Bxd6 Qxd6 11. Qc2 h6 12. h3 O-O 13. O-O Rfe8 14. Rfd1 Rac8 15. Rac1 c5 16. dxc5 Nxc5 17. Nd4 Qe5 $14 18. Nxe6 fxe6 19. Ne2 Nxd3 20. Qxd3 Qxb2 21. Rb1 Qxa2 22. Rxb7 Qc4 23. Qg6 Rc7 24. Rdb1 Qc6 25. R7b6 Qd7 26. Rxa6 Qf7 27. Qxf7+ Kxf7 28. Nd4 Rd7 29. Rbb6 e5 30. Nf5 Ne4 31. f3 Nc5 32. Ra5 Re6 33. Rbb5 Kf6 34. Ng3 Nb7 35. Rxd5 Nxa5 36. Rxd7 Nc4 37. Nh5+ Kg5 38. Nxg7 Ra6 39. f4+ Kg6 40. g4 Nxe3 41. Nh5 Nf5 42. gxf5+ Kxh5 43. fxe5 Ra5 44. e6 Kg5 45. Rf7 Kf4 46. e7 Kf3 47. Rg7 Ra1+ 48. Kh2 Ra2+ 49. Kh1 Re2 50. f6 Re1+ 51. Rg1 1/2-1/2

[Event "8th RTU Open 2018"]
[Site "Riga"]
[Date "2018.08.09"]
[Round "5"]
[White "Rogule, Laura"]
[Black "Lagunow, Raphael"]
[Result "1/2-1/2"]
[ECO "B31"]
[WhiteElo "2272"]
[BlackElo "2404"]
[Annotator "ChessBase"]
[PlyCount "27"]
[EventDate "2018.08.06"]
[EventType "swiss"]
[EventCountry "LAT"]
[SourceTitle "playchess.com"]
[Source "ChessBase"]
[SourceQuality "1"]
[TimeControl "5400+30"]

1. e4 c5 2. Nf3 Nc6 3. Bb5 g6 4. Bxc6 bxc6 5. O-O Bg7 6. Re1 Nh6 7. c3 O-O 8. d4 cxd4 9. cxd4 d5 10. e5 f6 11. h3 Nf7 12. e6 Nd6 13. Nc3 f5 14. Ne5 1/2-1/2

[Event "8th RTU Open 2018"]
[Site "Riga"]
[Date "2018.08.09"]
[Round "5"]
[White "Hjelmaas, Lars"]
[Black "Samolins, Vitalijs"]
[Result "1-0"]
[ECO "E06"]
[WhiteElo "2271"]
[BlackElo "2419"]
[Annotator "NA"]
[PlyCount "86"]
[EventDate "2018.08.06"]
[EventType "swiss"]
[EventCountry "LAT"]
[SourceTitle "playchess.com"]
[Source "ChessBase"]
[SourceQuality "1"]
[TimeControl "5400+30"]

1. d4 Nf6 2. c4 e6 3. g3 d5 4. Nf3 Be7 5. Bg2 O-O 6. O-O dxc4 {[%emt 0:00:19] LiveBook: 7808 Games} 7. Na3 b6 {[%emt 0:04:35] E05: Open Catalan: 5 Nf3 Be7} (7... Bxa3 $11 8. bxa3 Bd7 (8... Nbd7 9. a4 a5 10. Ba3 Re8 11. Rc1 Nb6 12. Ne5 Nfd5 13. e4 Nb4 14. Qh5 Qe7 15. Nxc4 Nxc4 16. Rxc4 {1-0 (28) Jones,G (2671)-Friedel,J (2524) Reykjavik 2017})) 8. Ne5 Nd5 9. Naxc4 Bb7 10. e4 $146 ({Predecessor:} 10. Bd2 c5 11. dxc5 Bxc5 12. Nd3 Be7 13. Bb4 Nc6 14. Bxe7 Qxe7 15. Nce5 Nxe5 16. Nxe5 {½-½ (44) Zilberstein,V (2365)-Slavin,G Katowice 1990}) 10... Nf6 11. Qe2 ({Besser ist} 11. Qc2 $16) 11... Nbd7 12. Rd1 Nxe5 13. dxe5 Nd7 14. Be3 Qc8 15. Rac1 Ba6 16. Qc2 Rd8 17. f4 $11 Qb7 18. a3 Nf8 19. Nd6 Bxd6 20. exd6 cxd6 21. b4 Rac8 22. Qb3 Be2 23. Re1 Qa6 24. a4 Bc4 25. Qc2 d5 26. b5 Qb7 27. Qb2 dxe4 28. Bd4 f5 29. h4 h5 30. Re3 Qd7 31. Be5 Bd3 32. Rd1 Ng6 33. Bf3 Nxe5 34. Qxe5 Rc5 35. Qb2 Rc2 36. Qe5 Qd4 37. Qxd4 Rxd4 38. Bxh5 Rxa4 39. g4 Rac4 40. gxf5 exf5 41. Bg6 Rc1 42. Ree1 Rxd1 43. Rxd1 Rb4 1-0

[Event "8th RTU Open 2018"]
[Site "Riga"]
[Date "2018.08.09"]
[Round "5"]
[White "Arnold, Max"]
[Black "Martin, Julian"]
[Result "1/2-1/2"]
[ECO "B22"]
[WhiteElo "2260"]
[BlackElo "2392"]
[Annotator "ChessBase"]
[PlyCount "165"]
[EventDate "2018.08.06"]
[EventType "swiss"]
[EventCountry "LAT"]
[SourceTitle "playchess.com"]
[Source "ChessBase"]
[SourceQuality "1"]
[TimeControl "5400+30"]

1. e4 c5 2. c3 d6 3. d4 Nf6 4. Bd3 g6 5. Nf3 Bg7 6. O-O O-O 7. h3 Qc7 8. Re1 Rd8 9. Nbd2 b6 10. Nf1 Bb7 11. Ng3 Nbd7 12. Bg5 h6 13. Be3 Rac8 14. Qd2 Kh7 15. d5 c4 16. Bc2 e6 17. dxe6 fxe6 18. Qe2 e5 19. h4 Nf8 20. h5 g5 21. Nh2 Qf7 22. Rad1 Ne6 23. Ng4 Rc7 24. Nf5 Bf8 25. Nxf6+ Qxf6 26. Rd2 Ng7 27. Ng3 Bc8 28. Red1 Be6 29. a4 Qf7 30. Rd5 Bxd5 31. exd5+ Kh8 32. Bg6 Qe7 33. Qf3 Ne8 34. Ra1 Bg7 35. Nf5 Qf8 36. g3 Qg8 37. Kg2 Rdd7 38. Rd1 Rc8 39. Qg4 Nf6 40. Qh3 Bf8 41. Kh2 Rcc7 42. Qg2 Bg7 43. Kh1 Qf8 44. f4 g4 45. fxe5 dxe5 46. d6 Rc8 47. Rf1 Rxd6 48. Nxd6 Qxd6 49. Qe2 e4 50. Kh2 Nd7 51. Qxg4 Rd8 52. Qxe4 Ne5 53. Bd4 Nxg6 54. Bxg7+ Kxg7 55. hxg6 Rd7 56. Rf4 h5 57. Qxc4 Qxg6 58. Qe2 Qg5 59. Qf2 Kg6 60. Qc2+ Kg7 61. Qf2 Kg6 62. Qc2+ Kg7 63. Qe2 Re7 64. Re4 Rf7 65. Re5 Qf6 66. Rxh5 Qf2+ 67. Qxf2 Rxf2+ 68. Kh3 Rxb2 69. Rd5 Kf6 70. Rd7 a6 71. Ra7 a5 72. Rb7 Kg5 73. Rb8 Rb3 74. Rg8+ Kf6 75. Rb8 Kg5 76. Rg8+ Kf6 77. Rc8 Kg5 78. Rc6 Ra3 79. Rxb6 Rxa4 80. Rb5+ Kg6 81. Rc5 Kh6 82. c4 Rb4 83. Rxa5 1/2-1/2

[Event "8th RTU Open 2018"]
[Site "Riga"]
[Date "2018.08.09"]
[Round "5"]
[White "Severina, Maria"]
[Black "Krupenski, Juri"]
[Result "0-1"]
[ECO "E15"]
[WhiteElo "2242"]
[BlackElo "2390"]
[Annotator "NA"]
[PlyCount "120"]
[EventDate "2018.08.06"]
[EventType "swiss"]
[EventCountry "LAT"]
[SourceTitle "playchess.com"]
[Source "ChessBase"]
[SourceQuality "1"]
[TimeControl "5400+30"]

1. d4 Nf6 2. c4 e6 3. Nf3 b6 4. g3 Bb7 5. Bg2 g6 6. Nc3 Ne4 7. Bd2 Bg7 8. Rc1 c5 9. dxc5 bxc5 10. Nxe4 Bxe4 11. Bc3 f6 12. O-O $14 O-O 13. Qd6 Qb6 14. Rfd1 Qxd6 15. Rxd6 Rc8 16. Nd2 Bxg2 17. Kxg2 f5 18. Bxg7 Kxg7 19. e4 Kf6 20. f4 Ke7 21. e5 Nc6 22. Rd1 Rc7 23. Nb1 Rb8 24. b3 Rb6 25. R6d2 Nd4 26. Nc3 Ra6 27. Na4 d6 28. exd6+ Kxd6 29. Re1 g5 30. Re5 gxf4 31. gxf4 Rg7+ 32. Kf2 Rg4 33. Ke3 Rxa4 34. bxa4 Rh4 35. Rg2 Rh3+ 36. Kf2 Rf3+ 37. Ke1 Rxf4 38. Re3 Rh4 39. a5 e5 40. Reg3 e4 41. Rg7 e3 42. Rxa7 f4 43. a6 f3 44. Rb2 f2+ 45. Kf1 Rxh2 46. Rf7 Nc6 47. Rf3 Rh1+ 48. Ke2 Re1+ 49. Kd3 Ne5+ 50. Kc3 Nxf3 51. a7 f1=Q 52. a8=Q Rc1+ 53. Kb3 Qxc4+ 54. Ka3 Rc3+ 55. Rb3 Qb4+ 56. Kb2 Rxb3+ 57. axb3 Nd4 58. Qd8+ Ke5 59. Qc7+ Ke4 60. Qe7+ Kf3 0-1

[Event "8th RTU Open 2018"]
[Site "Riga"]
[Date "2018.08.09"]
[Round "5"]
[White "Mierins, Eriks"]
[Black "Haria, Ravi"]
[Result "1/2-1/2"]
[ECO "C04"]
[WhiteElo "2235"]
[BlackElo "2449"]
[Annotator "NA"]
[PlyCount "107"]
[EventDate "2018.08.06"]
[EventType "swiss"]
[EventCountry "LAT"]
[SourceTitle "playchess.com"]
[Source "ChessBase"]
[SourceQuality "1"]
[TimeControl "5400+30"]

1. e4 e6 2. d4 d5 3. Nd2 Nc6 4. Ngf3 Nf6 5. e5 Nd7 6. Be2 f6 7. exf6 Qxf6 8. Nf1 Bd6 9. Bg5 {[%emt 0:00:54] C04: French Tarrasch: 3...Nc6} (9. Ne3 O-O 10. O-O Qf7 11. c4 Nf6 12. c5 Bf4 13. Nc2 Ne4 14. Bxf4 Qxf4 15. Nce1 Qf6 16. Bb5 Bd7 17. Nd3 Qh6 18. Qc1 {1-0 (49) Yu,S (2469)-Mu,K (2460) Hangzhou 2018}) 9... Qf7 10. Ne3 O-O 11. Bh4 {[%emt 0:03:58] LiveBook: 4 Games} Nf6 12. Bg3 $146 ({Predecessor:} 12. O-O Bd7 13. a3 Bf4 14. Bg3 g5 15. Ne5 Qg7 16. Nxd7 Nxd7 {0-1 (46) Cvijic,N (2148)-Pandurevic,M (2271) Banja Vrucica 2014}) 12... Ne4 13. Bxd6 cxd6 14. O-O Ne7 15. c3 Ng6 16. Nd2 Nf6 17. f4 Ne7 18. Bd3 g6 19. Ng4 (19. Qe2 $14) 19... Nxg4 20. Qxg4 Bd7 21. Rae1 Rac8 $16 22. Qh3 Qg7 23. Qe3 Nf5 24. Bxf5 Rxf5 25. Nf3 Rcf8 26. g3 h6 27. h4 R5f7 28. Kg2 Qf6 29. Qd2 Qf5 30. Nh2 b5 31. a3 a5 32. b4 Ra8 33. Qe2 Bc8 34. g4 Qe4+ 35. Qxe4 dxe4 36. Kg3 Bb7 37. Re3 axb4 38. axb4 Rc7 39. h5 gxh5 40. gxh5 Rac8 41. Ng4 Rxc3 42. Nxh6+ Kg7 43. Ng4 Rxe3+ 44. Nxe3 Rc3 45. Kf2 Rd3 46. Rc1 Bd5 47. Nxd5 exd5 48. Rc6 Rxd4 49. Rxd6 Rd2+ 50. Ke1 Rd3 51. f5 d4 52. Ke2 Re3+ 53. Kd2 Rd3+ 54. Ke2 1/2-1/2

[Event "8th RTU Open 2018"]
[Site "Riga"]
[Date "2018.08.09"]
[Round "5"]
[White "Gorodetzky, Matan"]
[Black "Cruz Lledo, Pablo"]
[Result "1/2-1/2"]
[ECO "D02"]
[WhiteElo "2231"]
[BlackElo "2432"]
[Annotator "NA"]
[PlyCount "101"]
[EventDate "2018.08.06"]
[EventType "swiss"]
[EventCountry "LAT"]
[SourceTitle "playchess.com"]
[Source "ChessBase"]
[SourceQuality "1"]
[TimeControl "5400+30"]

1. d4 d5 2. Nf3 e6 3. e3 c5 4. dxc5 Bxc5 5. c4 Nf6 6. a3 O-O 7. Nc3 a6 8. Be2 Nc6 9. O-O dxc4 10. Bxc4 b5 11. Bd3 {[%emt 0:04:04] LiveBook: 7 Games} Bb7 12. Qe2 Rc8 13. Bd2 Qe7 14. Rac1 Bd6 15. a4 b4 16. Ne4 $15 Nxe4 17. Bxe4 Ne5 18. Bxb7 Qxb7 19. Nd4 Rxc1 20. Rxc1 Rc8 21. Rxc8+ Qxc8 22. b3 Bc5 23. Nc2 Qb7 24. Ne1 Qd5 25. f4 Ng6 26. Nd3 a5 27. Nxc5 Qxc5 28. Qd3 f5 29. g3 Kf7 30. Kf2 Ne7 31. Kf3 Nd5 32. Ke2 Nf6 33. Qb5 Qd5 34. Qxd5 exd5 35. Kd3 Ke6 36. Bc1 Ne4 37. Bb2 Nc5+ 38. Kc2 g6 39. Bd4 Nd7 40. Kd3 Kd6 41. Kc2 Kc6 42. Kd2 Nf8 43. Kc2 Ne6 44. h4 Nc5 45. Bxc5 Kxc5 46. Kd3 h6 47. Kd2 d4 48. Kd3 dxe3 49. Kxe3 Kd5 50. Kd3 Kc5 51. Ke3 1/2-1/2

[Event "8th RTU Open 2018"]
[Site "Riga"]
[Date "2018.08.09"]
[Round "5"]
[White "Valner, Uku"]
[Black "Gorbatov, Alexej"]
[Result "1/2-1/2"]
[ECO "B01"]
[WhiteElo "2227"]
[BlackElo "2389"]
[Annotator "NA"]
[PlyCount "136"]
[EventDate "2018.08.06"]
[EventType "swiss"]
[EventCountry "LAT"]
[SourceTitle "playchess.com"]
[Source "ChessBase"]
[SourceQuality "1"]
[TimeControl "5400+30"]

1. e4 d5 2. exd5 Qxd5 3. Nc3 Qd8 4. d4 Nf6 5. Bd3 c6 6. Nge2 Bg4 7. Bg5 e6 8. Qd2 Bxe2 9. Nxe2 Nbd7 10. O-O-O Be7 11. f4 Qc7 12. Rhe1 O-O-O 13. Ng3 $11 h6 14. Bh4 Rhe8 15. Kb1 Kb8 16. Qe2 Nd5 17. Bxe7 Rxe7 18. f5 exf5 19. Qd2 Rxe1 20. Rxe1 g6 21. Qxh6 N7f6 22. c3 a6 23. Bc4 Ka7 24. Qg5 Rh8 25. Bxd5 Nxd5 26. Nf1 Rh5 27. Qd2 Nf6 28. Qe2 Nd5 29. Qd2 f4 30. c4 Nf6 31. Qd3 Qd6 32. Qc3 Rh8 33. a3 Rd8 34. Rd1 Ne4 35. Qc2 f5 36. Qb3 b5 37. cxb5 cxb5 38. Ka1 Qd5 39. Qf3 Qd6 40. Qb3 Rc8 41. g3 Rc4 42. gxf4 Qxf4 43. Qe3 Qxe3 44. Nxe3 Rc6 45. h4 Rd6 46. Ng2 Nf6 47. Nf4 Nd5 48. Nxd5 Rxd5 49. Kb1 Rd7 50. Kc2 Rh7 51. Rh1 Rh5 52. Rg1 Rxh4 53. Rxg6 Rxd4 54. Rf6 Rd5 55. Kc3 a5 56. b3 Kb7 57. a4 Kc7 58. axb5 Rxb5 59. Kc4 Rb4+ 60. Kc3 f4 61. Ra6 Re4 62. Rxa5 Kd6 63. Rf5 Ke6 64. Rf8 Re3+ 65. Kd4 Rxb3 66. Rxf4 Rb4+ 67. Ke3 Rxf4 68. Kxf4 Kd5 1/2-1/2

[Event "8th RTU Open 2018"]
[Site "Riga"]
[Date "2018.08.09"]
[Round "5"]
[White "Chibukhchyan, Erik"]
[Black "Yankelevich, Lev"]
[Result "0-1"]
[ECO "C50"]
[WhiteElo "2214"]
[BlackElo "2420"]
[Annotator "NA"]
[PlyCount "152"]
[EventDate "2018.08.06"]
[EventType "swiss"]
[EventCountry "LAT"]
[SourceTitle "playchess.com"]
[Source "ChessBase"]
[SourceQuality "1"]
[TimeControl "5400+30"]

1. e4 e5 2. Nf3 Nc6 3. Bc4 Nf6 4. d3 Bc5 5. c3 d6 6. b4 Bb6 7. a4 {[%emt 0:00:19] LiveBook: 246 Games} a6 8. O-O h6 9. a5 {[%emt 0:00:18] C54: Giuoco Piano: 4 c3 Nf6, main lines with 5 d4 and 5 d3} (9. Nbd2 O-O 10. Bb3 d5 11. Bb2 Be6 12. Re1 Re8 13. h3 d4 14. Bxe6 Rxe6 15. Nc4 dxc3 16. Bxc3 Bd4 17. Bxd4 Nxd4 18. Ncxe5 Nxf3+ 19. Nxf3 {1-0 (52) Yudin,S (2546)-Kasimdzhanov,R (2700) Dubai 2014}) 9... Ba7 10. h3 O-O 11. Nbd2 Ne7 12. Bb3 Ng6 13. Re1 $146 ({Predecessor:} 13. Nc4 Re8 14. Be3 Be6 15. Bxa7 Rxa7 16. Re1 Ra8 17. Ba4 Bd7 {0-1 (31) Kovanova,B (2391)-Shen,Y (2425) St Petersburg 2012}) 13... Nh5 14. Nf1 Nhf4 15. Be3 Bd7 16. Bxa7 Rxa7 17. d4 exd4 18. Qxd4 Ra8 19. Ne3 Ne5 20. Nxe5 dxe5 21. Qd1 Bc6 22. Bd5 Qf6 $11 23. Qg4 Rad8 24. Bxc6 Qxc6 25. Nf5 Qf6 26. Rad1 g6 27. Ne3 Nd3 28. Rf1 h5 29. Qe2 Nf4 30. Qf3 c6 31. Kh2 Qe6 32. Rxd8 Rxd8 33. Rd1 Rxd1 34. Qxd1 Qa2 35. Nc2 Qc4 36. Qd8+ Kg7 37. Qe7 Qxe4 38. Ne3 Ne2 39. g4 hxg4 40. Nxg4 Qf4+ 41. Kg2 Nxc3 42. Qxb7 Qe4+ 43. Kh2 Qc4 44. Qc7 Qf4+ 45. Kg2 Qe4+ 46. Kh2 Na2 47. Nxe5 Qf4+ 48. Kg2 Nxb4 49. Qe7 Nd5 50. Qe8 Qg5+ 51. Kf1 Qf5 52. Ng4 Qd3+ 53. Kg1 Qxh3 54. Ne5 Qf5 55. Nxc6 Qg4+ 56. Kf1 Nf6 57. Qe2 Qh3+ 58. Kg1 Ng4 59. Qb2+ Kh7 60. Qb6 Qf3 61. Nb4 Qh3 62. Qc7 Qf3 63. Qb6 Ne5 64. Nxa6 Qh3 65. f4 Qg3+ 66. Kf1 Qxf4+ 67. Ke2 Qe4+ 68. Kd1 Qd3+ 69. Ke1 Qe4+ 70. Kd1 Qd3+ 71. Ke1 Nc4 72. Qb4 Qe4+ 73. Kf2 Qf5+ 74. Kg3 Nxa5 75. Nc5 Nc6 76. Qh4+ Kg7 0-1

[Event "8th RTU Open 2018"]
[Site "Riga"]
[Date "2018.08.09"]
[Round "5"]
[White "Holland, James P"]
[Black "Krivonosov, Oleg"]
[Result "1/2-1/2"]
[ECO "C54"]
[WhiteElo "2212"]
[BlackElo "2386"]
[Annotator "NA"]
[PlyCount "80"]
[EventDate "2018.08.06"]
[EventType "swiss"]
[EventCountry "LAT"]
[SourceTitle "playchess.com"]
[Source "ChessBase"]
[SourceQuality "1"]
[TimeControl "5400+30"]

1. e4 e5 2. Nf3 Nc6 3. Bc4 Bc5 4. c3 Nf6 5. d4 exd4 6. cxd4 Bb4+ 7. Bd2 Nxe4 8. Bxb4 Nxb4 9. Bxf7+ Kxf7 10. Qb3+ {[%emt 0:00:06] C54: Giuoco Piano: 4 c3 Nf6, main lines with 5 d4 and 5 d3} Kf8 11. Qxb4+ Qe7 12. Qxe7+ Kxe7 13. O-O Kd8 14. Re1 Nf6 15. Nc3 d6 16. Ng5 Rf8 17. f3 h6 (17... a5) 18. Ne6+ Bxe6 19. Rxe6 Kd7 20. Rae1 Rae8 $146 ({Predecessor:} 20... Rf7 21. b4 b5 22. a3 a5 23. Nxb5 Rb8 24. Nc3 axb4 {0-1 (24) Aguirre Contreras,C (2293)-Lopez Silva,H (2422) Quilpué 2016}) 21. Rxe8 Nxe8 22. Kf2 Nf6 23. Ke3 c6 24. g3 b5 25. b4 a5 $11 26. a3 axb4 27. axb4 Ra8 28. Kd2 Ra3 29. Rb1 Nd5 30. Nxd5 cxd5 31. Ke2 g5 32. h4 Ra2+ 33. Ke3 Ra3+ 34. Ke2 gxh4 35. gxh4 h5 36. Rg1 Rb3 37. Rg5 Rxb4 38. Rxd5 Ke6 39. Rxh5 Rxd4 40. Rxb5 Rxh4 1/2-1/2

[Event "8th RTU Open 2018"]
[Site "Riga"]
[Date "2018.08.09"]
[Round "5"]
[White "Kerem, Halil Ozgun"]
[Black "Sirosh, Ilja"]
[Result "0-1"]
[ECO "A45"]
[WhiteElo "2194"]
[BlackElo "2372"]
[Annotator "NA"]
[PlyCount "96"]
[EventDate "2018.08.06"]
[EventType "swiss"]
[EventCountry "LAT"]
[SourceTitle "playchess.com"]
[Source "ChessBase"]
[SourceQuality "1"]
[TimeControl "5400+30"]

1. d4 Nf6 2. Bf4 d5 3. e3 c5 4. c3 Nc6 5. Nd2 e6 6. Ngf3 Bd6 7. Bg3 O-O 8. Bb5 Be7 9. Bd3 Nh5 10. Ne5 $11 g6 11. f4 Nxe5 12. fxe5 f5 13. Nf3 c4 14. Bc2 b5 15. a3 a5 16. O-O Nxg3 17. hxg3 h5 18. Qd2 Kg7 19. Kf2 Bd7 20. Rfc1 Qb6 21. Kg1 b4 22. Rcb1 bxc3 23. bxc3 Qc7 24. a4 Rab8 25. Qd1 Rh8 26. Rxb8 Rxb8 27. Rb1 Ba3 28. Kf2 Qd8 29. Ke2 Rb2 30. Rxb2 Bxb2 31. Qd2 Ba1 32. Qe1 Bb2 33. Qd2 Qf8 34. Bxf5 Qa3 35. Bxg6 Bxc3 36. Qc2 Bxa4 37. Qb1 Qb2+ 38. Qxb2 Bxb2 39. Bb1 Bb3 40. Ne1 a4 41. Nc2 a3 42. Nb4 Bc3 43. Na2 Ba5 44. Nc1 Kh6 45. Ba2 Bc2 46. Kf3 Bd2 47. Ne2 Bb3 48. Bb1 c3 0-1

[Event "8th RTU Open 2018"]
[Site "Riga"]
[Date "2018.08.09"]
[Round "5"]
[White "Huber, Philipp"]
[Black "Seyb, Alexander"]
[Result "1/2-1/2"]
[ECO "A45"]
[WhiteElo "2189"]
[BlackElo "2383"]
[Annotator "NA"]
[PlyCount "120"]
[EventDate "2018.08.06"]
[EventType "swiss"]
[EventCountry "LAT"]
[SourceTitle "playchess.com"]
[Source "ChessBase"]
[SourceQuality "1"]
[TimeControl "5400+30"]

1. d4 Nf6 2. Bg5 e6 3. e4 h6 4. Bxf6 Qxf6 5. c3 d6 {[%emt 0:00:23] LiveBook: 422 Games} 6. Bd3 Qg6 {[%emt 0:01:24] A45: Damenbauernspiele (Trompowski-Angriff)} (6... g6 7. Ne2 Bg7 8. O-O O-O 9. f4 Qe7 10. e5 b6 11. Nd2 Bb7 12. Be4 Bxe4 13. Nxe4 Rd8 14. Qe1 {0-1 (62) Moiseenko,A (2667)-Wang,Y (2690) Riadh 2017}) 7. Qf3 e5 8. Bc4 $146 ({Vorgänger:} 8. h3 Be7 9. Ne2 Nc6 10. O-O O-O 11. Nd2 Bd7 12. Qe3 f5 13. exf5 Bxf5 14. Bxf5 Rxf5 {1-0 (46) Hendriks,W (2401)-Dann,M (2506) Germany 2018}) 8... Be7 9. Ne2 O-O 10. h3 c6 11. Nd2 Be6 12. Bxe6 fxe6 13. Qg4 Qxg4 14. hxg4 Nd7 15. Nf3 exd4 16. Nfxd4 Nc5 17. f3 Bg5 18. Rd1 $11 Rae8 19. Nb3 Nxb3 20. axb3 d5 21. e5 c5 22. Kf2 Rc8 23. g3 Rc6 24. f4 Rb6 25. Nc1 c4 26. bxc4 dxc4 27. Ke3 Be7 28. Rd2 a5 29. Ke4 a4 30. Ne2 Ra8 31. Ra1 g6 32. Ra2 Kf7 33. Rd7 Rc8 34. f5 gxf5+ 35. gxf5 exf5+ 36. Kxf5 Rg8 37. Rxa4 Rg5+ 38. Kf4 Ke6 39. Rd2 Rf5+ 40. Kg4 h5+ 41. Kh3 Kxe5 42. Rxc4 Rf2 43. Rcd4 Bg5 44. Nf4 Rxd2 45. Rxd2 Ke4 46. Rd4+ Kf3 47. Nd3 Be7 48. Rf4+ Ke3 49. Nb4 Rb5 50. Rd4 Kf3 51. Nd5 Bd6 52. b4 Be5 53. Rd1 Ke2 54. c4 Rxb4 55. Nxb4 Kxd1 56. Nd3 Bc7 57. Nc5 Kc2 58. Nxb7 Kc3 59. c5 Kc4 60. Nd6+ Kxc5 1/2-1/2